 Dungeon Crawl Stone Soup version 0.26.1-11-gd32895ea62 (webtiles) character file.

Game seed: 2872806650300027820

1248 vvl the Spear-Bearer (level 8, -13/62 HPs)
             Began as a Merfolk Fighter on June 3, 2021.
             Was an Initiate of Makhleb.
             Mangled by an orc warrior
             ... wielding a +0 battleaxe
              (24 damage)
             ... on level 6 of the Dungeon.
             The game lasted 00:17:50 (5976 turns).

vvl the Spear-Bearer (Merfolk Fighter)              Turns: 5976, Time: 00:17:50

Health: -13/62     AC: 11    Str: 18    XL:     8   Next: 50%
Magic:  9/9        EV: 11    Int:  7    God:    Makhleb [......]
Gold:   159        SH:  0    Dex: 14    Spells: 7/7 levels left

rFire    . . .     SeeInvis .   a - +0 trident
rCold    . . .     Faith    .   c - +0 kite shield
rNeg     . . .     Spirit   .   C - +0 ring mail
rPois    .         Reflect  .   A - +0 helmet
rElec    .         Harm     .   (no cloak)
rCorr    .         Rampage  .   w - +0 pair of gloves
Will     .....                  t - +2 pair of boots {Stlth+}
Stlth    +.........             (no amulet)
HPRegen  0.20/turn              (no ring)
MPRegen  0.11/turn              (no ring)

@: confused
A: change form in water, swift swim, stealthy swim
a: Renounce Religion


You were on level 6 of the Dungeon.
You worshipped Makhleb.
Makhleb was noncommittal.
You visited 2 branches of the dungeon, and saw 7 of its levels.

You collected 299 gold pieces.
You spent 140 gold pieces at shops.

Inventory:

Hand Weapons
 a - a +0 trident (weapon)
Missiles
 k - 5 javelins (quivered)
 q - 6 boomerangs of dispersal
 x - 8 boomerangs
Armour
 b - a +0 scale mail
 c - a +0 kite shield (worn)
 t - a +2 pair of boots of stealth (worn)
 w - a +0 pair of gloves (worn)
 A - a +0 helmet (worn)
 C - a +0 ring mail (worn)
Wands
 j - a wand of flame (14)
 v - a wand of iceblast (5)
Scrolls
 f - 6 scrolls of teleportation
 h - a scroll of random uselessness {unknown}
 m - 3 scrolls of immolation
 o - 2 scrolls of fog
 p - 3 scrolls of blinking
 r - a scroll of remove curse
 y - 2 scrolls of enchant armour
 z - a scroll of holy word
Potions
 d - 2 potions of might
 e - a potion of degeneration {unknown}
 g - a potion of attraction {unknown}
 i - 3 potions of berserk rage
 l - 2 potions of mutation
 n - a potion of haste {unknown}
 s - 2 potions of heal wounds
 u - a potion of lignification {unknown}
 B - a potion of invisibility {unknown}


   Skills:
 + Level 5.3 Fighting
 * Level 8.5 Polearms
 + Level 3.6 Armour
 + Level 4.7 Dodging
 + Level 5.0 Shields
 * Level 2.1 Invocations
 + Level 1.1 Evocations


You had 7 spell levels left.
You didn't know any spells.
Your spell library was empty.

Dungeon Overview and Level Annotations

Branches:
Dungeon (6/15)             Temple (1/1) D:4

Altars:
Cheibriados
Dithmenos
Elyvilon
Fedhas
Hepliaklqana
Kikubaaqudgha
Makhleb
Nemelex Xobeh
Qazlal
Ru
Sif Muna
Trog
Uskayaw
Vehumet
Wu Jian
Xom
Zin
The Shining One

Shops:
D:4 !


Message History

There is a stone staircase leading up here.
You hit the orc warrior.
The orc warrior is heavily wounded.
You block the orc warrior's attack.
You hit the orc warrior but do no damage.
The orc warrior is heavily wounded.
The orc warrior hits you with a +0 battleaxe!!
* * * LOW HITPOINT WARNING * * *
You hear some strange, mumbled words.
You are confused.
A puff of flame appears from out of thin air!
The puff of flame hits you but does no damage.
A puff of flame appears from out of thin air!
The puff of flame misses you.
The adder zombie bites you but does no damage.
There is a stone staircase leading down here.
You closely miss the adder zombie.
The adder zombie is moderately damaged.
The orc warrior hits you with a +0 battleaxe!!
You die...

##################.
#.§............))..
#...
#≈§§§≈...........#...
#... #≈#
#≈..........##...
#...###§#
#≈.........###...
##..#...≈###≈#......###
#...
#.......≈§≈≈§##...###
#...
##.........#.....###
#... #..........o@....#
#...
##..........Z..##.#
....
##...............#.#
##...............##.#
...###..........###.#
#.#.#.#<#......## #.#
..........#.#### #.##
.. #.#.#.#.##### #.(#
... .........# ##.#
#...


You could see an orc warrior and an adder zombie.

Vanquished Creatures
  Menkaure (D:4)
  3 ogres
  3 centaurs
  3 bullfrogs
  A hound (D:5)
  An orc priest (D:6)
  A centaur skeleton (D:6)
  An orc wizard (D:5)
  A worker ant (D:5)
  2 hound skeletons
  A worker ant zombie (D:5)
  4 gnolls (D:5)
  8 adders
  A white imp (D:5)
  An ooze (D:6)
  An adder zombie (D:5)
  2 adder skeletons
  A worm (D:2)
  A dart slug (D:1)
  7 leopard geckos
  10 orcs
  11 bats
  A bat skeleton (D:2)
  8 giant cockroaches
  5 hobgoblins
  3 jackals (D:3)
  6 kobolds
  A quokka (D:5)
  A ball python (D:1)
  A ball python zombie (D:2)
  6 frilled lizards
  9 goblins
  A jackal zombie (D:2)
  A leopard gecko skeleton (D:6)
  A leopard gecko zombie (D:6)
  18 rats
127 creatures vanquished.

Vanquished Creatures (others)
  An orc wizard (D:6)
  92 plants (D:3)
93 creatures vanquished.

Grand Total: 220 creatures vanquished

Notes
Turn   | Place    | Note
-------+----------+-------------------------------------------
     0 | D:1      | vvl the Merfolk Fighter began the quest for the Orb.
     0 | D:1      | Reached XP level 1. HP: 18/18 MP: 1/1
   143 | D:1      | Reached XP level 2. HP: 24/24 MP: 2/2
   283 | D:1      | Reached skill level 1 in Dodging
   283 | D:1      | Reached XP level 3. HP: 28/29 MP: 3/3
   849 | D:2      | Reached skill level 4 in Polearms
  1062 | D:2      | Reached XP level 4. HP: 37/37 MP: 4/4
  1197 | D:2      | Found a shadowy altar of Dithmenos.
  1765 | D:3      | Reached XP level 5. HP: 41/42 MP: 5/5
  1886 | D:3      | Reached skill level 5 in Polearms
  2489 | D:3      | Reached XP level 6. HP: 44/48 MP: 6/6
  2915 | D:4      | Found a staircase to the Ecumenical Temple.
  2922 | Temple   | Entered the Ecumenical Temple
  3312 | Temple   | Became a worshipper of Makhleb the Destroyer
  3349 | D:4      | Noticed Menkaure
  3363 | D:4      | Killed Menkaure
  3364 | D:4      | Reached skill level 6 in Polearms
  3599 | D:4      | Found Nessuv's Distillery.
  3607 | D:4      | Bought a potion of berserk rage for 70 gold pieces
  3607 | D:4      | Bought a potion of heal wounds for 70 gold pieces
  3824 | D:4      | Found a snail-covered altar of Cheibriados.
  4133 | D:5      | Entered Level 5 of the Dungeon
  4142 | D:5      | Reached XP level 7. HP: 27/55 MP: 7/7
  4673 | D:5      | Reached skill level 7 in Polearms
  4935 | D:5      | Found a white marble altar of Elyvilon.
  5358 | D:6      | Found a radiant altar of Vehumet.
  5363 | D:6      | Reached skill level 5 in Fighting
  5369 | D:6      | Reached XP level 8. HP: 39/62 MP: 8/8
  5373 | D:6      | Reached skill level 8 in Polearms
  5558 | D:6      | Found a glowing silver altar of Zin.
  5563 | D:6      | Found an ancient bone altar of Kikubaaqudgha.
  5563 | D:6      | Found a blossoming altar of Fedhas.
  5614 | D:6      | Reached skill level 1 in Invocations
  5774 | D:6      | Reached skill level 1 in Evocations
  5916 | D:6      | Reached skill level 5 in Shields
  5976 | D:6      | Mangled by an orc warrior

Illustrated notes

Levels and vault maps discovered:
D:1:      dpeg_arrival_shrine, layout_basic
D:2:      layout_loops_ring, grunt_dithmenos_smoke_and_mirrors, serial_undead,
          serial_undead_c, serial_undead_e, serial_undead_a, serial_undead_c
D:3:      layout_loops_ring, serial_bayou, serial_bayou_lagoon_a,
          serial_bayou_shore_a, serial_bayou_lake_a, serial_bayou_pond_d
D:4:      layout_basic, cheibriados_altar_1, minmay_temple_entry_wispy,
          serial_shops, nicolae_shop_crystal, uniq_menkaure
D:5:      layout_basic, elyvilon_altar_1
D:6:      layout_cave_pods, kennysheep_mini_moat, vehumet_altar_wand_db,
          nicolae_overflow_hidden_temple, st_stairs_10, uniq_blork_the_orc
Temple:   minmay_temple_curvy_loop

Skill      XL: |  1  2  3  4  5  6  7  8 |
---------------+-------------------------+-----
Dodging        | 1 2 3 4 |  4.7
Polearms       | 4 5 6 7 8 |  8.5
Fighting       | 4 5 |  5.3
Shields        | 4 5 |  5.0
Armour         | 3 |  3.6
Invocations    | 2 |  2.1
Evocations     | 1 |  1.1

Action                   |  1- 3 |  4- 6 |  7- 9 || total
-------------------------+-------+-------+-------++-------
Melee: Trident           |   103 |   226 |   177 ||   506
       Tailslap          |       |     2 |       ||     2
Throw: Javelin           |       |       |     3 ||     3
  Use: Scroll            |       |       |    11 ||    11
Armor: Scale mail        |    24 |    72 |    41 ||   137
       Ring mail         |       |       |     9 ||     9
Dodge: Dodged            |    19 |    81 |    58 ||   158
Block: Kite shield       |    34 |   103 |    81 ||   218
